[Event "Mongolian Championship Women 2022"]
[Site "Chingis Khentii"]
[Date "2022.05.16"]
[Round "5.1"]
[White "Nomindalai Tumurbaatar"]
[Black "Altantuya, Boldbaatar"]
[Result "1-0"]
[ECO "E05"]
[WhiteElo "2111"]
[BlackElo "2263"]
[Annotator "TA"]
[PlyCount "103"]
[EventDate "2022.05.12"]
[EventType "tourn"]
[EventCountry "MGL"]
[SourceTitle "playchess.com"]
[Source "ChessBase"]
[SourceQuality "1"]
[TimeControl "40/5400+30:1800+30"]

1. d4 {[%emt 0:00:08] Marchand,A/Primel,D} e6 2. g3 Nf6 3. c4 Be7 4. Bg2 d5 5. Nf3 O-O 6. O-O dxc4 7. Qc2 a6 8. a4 Bd7 9. Qxc4 Bc6 10. Bg5 Bd5 11. Qc2 Be4 12. Qc1 Nc6 13. e3 {[%emt 0:17:16] E05: Open Catalan: 5 Nf3 Be7.} h6 14. Bxf6 Bxf6 15. Nc3 {[%emt 0:00:22][%cal Bb1c3,Bc3e4,Be4c5][%mdl 32] The position is equal.} Bh7 16. Rd1 {[%emt 0:01:07] [#]} Nb4 $146 {[%emt 0:01:53] Against d5} ({Predecessor:} 16... Qe8 17. Nd2 e5 18. Nce4 Bd8 19. d5 Na7 20. d6 cxd6 21. Nxd6 Qe7 22. Nxb7 Rc8 {1-0 (37) Postny,E (2585)-Melia,S (2462) Aix les Bains 2011 CBM 142 Extra [Marchand,A/Primel,D]}) 17. Ne1 c6 18. Ne4 Be7 19. Nc5 Qc7 20. Ned3 Nxd3 21. Nxd3 a5 22. Qc4 Rfd8 23. Rac1 Rac8 24. Nc5 Qb6 25. Qc3 Qa7 (25... e5 $15 {feels stronger.}) 26. Bf3 Rc7 27. Qb3 Rb8 28. Nd3 Bxd3 29. Qxd3 b5 ({Black should try} 29... Qb6 $11) 30. Bxc6 bxa4 31. Rc2 Rb3 32. Qe4 Rb4 33. Rdc1 Bd6 34. Qf3 Qb6 35. Be8 {[%emt 0:01:36] Strongly threatening Rxc7.} Ra7 (35... Qb7 $14 36. d5 Rxc2 37. Rxc2 a3 38. bxa3 Rb1+ 39. Kg2 exd5) 36. Rc8 $16 {[%emt 0:04:01][%csl LRa4,LRf7] Intending Bxf7+ and mate.} Bf8 37. R1c6 $1 {[%emt 0:02:07] White is much more active.} Qb7 (37... Qb5 $16) 38. Qf4 $2 (38. d5 $1 $18 exd5 39. Qxd5) 38... Qe7 $14 39. Rc2 $36 {[%emt 0:01:16][%mdl 2048] White fights for an advantage.} a3 $2 (39... Qf6 $14) 40. bxa3 $18 Rb1+ 41. Kg2 Rbb7 42. a4 {[%emt 0:06:37] aiming for Bb5.} ({But not} 42. Bc6 Rc7 43. Rb8 a4 $18) 42... Qf6 43. Qe4 Qe7 44. Bb5 Rc7 45. Rc6 Rab7 $2 {[%emt 0:01:35] [#] This costs Black the game.} (45... Rxc8 $16 46. Rxc8 g6) 46. Qc2 ({Not} 46. Bd3 g6 47. Bb5 Rxc8 48. Rxc8 Ra7 $16) (46. Re8 $142 $3 Qxe8 47. Rxc7 Rxb5 48. axb5 Qxb5 49. Ra7) 46... Rxc8 47. Rxc8 g6 48. Re8 Qd6 {[%emt 0:00:45] [#]} (48... Qc7 49. Qc5 Qxc5 50. dxc5 Rc7) 49. Qc8 $1 Rb6 50. Rd8 Qe7 51. Rd7 Qb4 52. Qe8 {[%emt 0:00:15] Weighted Error Value: White=0.23 (precise) /Black=0.60} 1-0

[Event "Mongolian Championship Women 2022"]
[Site "Chingis Khentii"]
[Date "2022.05.16"]
[Round "5.2"]
[White "Bayarmaa, Bayarjargal"]
[Black "Enkhtuul, Altan-Ulzii"]
[Result "0-1"]
[ECO "A75"]
[WhiteElo "2124"]
[BlackElo "2228"]
[Annotator "TA"]
[PlyCount "94"]
[EventDate "2022.05.12"]
[EventType "tourn"]
[EventCountry "MGL"]
[SourceTitle "playchess.com"]
[Source "ChessBase"]
[SourceQuality "1"]
[TimeControl "40/5400+30:1800+30"]

1. d4 Nf6 2. c4 c5 3. d5 e6 4. Nc3 exd5 5. cxd5 d6 6. e4 g6 7. Nf3 a6 8. a4 Bg4 9. Be2 Bg7 10. O-O O-O 11. Bf4 Bxf3 12. Bxf3 Ne8 13. Qd2 Nd7 14. Be2 {[%emt 0:02:40] A75: Modern Benoni: Classical: 9...a6 10 a4 Bg4.} Rb8 15. Ra3 Qe7 {[%emt 0:03:00] [#]} 16. Re1 $146 {[%emt 0:06:52] White has an edge.} ({Predecessor:} 16. Bh6 Nc7 17. a5 Bxh6 18. Qxh6 b5 19. Nd1 Qxe4 20. Rh3 Nf6 21. Ne3 Rfe8 22. Bf3 {0-1 (40) Morozov,G (2351)-Akhmetov,A (2163) Moscow 2012}) 16... Nc7 17. Rb3 Rfe8 18. Bf1 b5 19. axb5 c4 20. Ra3 axb5 21. Ra7 Rec8 22. Bg5 f6 23. Bh4 $36 {[%emt 0:00:47][%mdl 2048] White fights for an advantage.} b4 24. Na2 Nb5 25. Ra4 (25. Ra6 $14) 25... c3 26. Qe3 ({White should play} 26. bxc3 $11 bxc3 27. Qe3) 26... g5 (26... cxb2 $5 27. Rxb4 Nc7 $15) 27. Nxb4 gxh4 $2 {[%emt 0:00:32] [#]} (27... Nc5 $1 $11 28. Ra2 Na7 29. bxc3 gxh4) 28. Nc6 $16 Qe8 29. Nxb8 Rxb8 30. bxc3 Nc5 31. Rb4 {[%emt 0:04:18] Black must now prevent Reb1.} Nc7 32. Qf4 Rd8 33. Qxh4 Qe5 34. Re3 Qg5 35. Qh3 {[%emt 0:01:30][%cal Oe4e5] And now e5! would win.} Qh6 36. Qg4 Qg5 37. Qd1 Ra8 38. Qb1 ({Much less strong is} 38. Rg3 $6 Qe5 39. Qg4 Qe7) 38... Rf8 39. Rg3 Qe5 40. Qc1 $2 (40. Rb8 $18 {Hoping for Rxf8+.} Ne8 41. Bb5 Qxe4 42. Qxe4 Nxe4 43. Bxe8 Nxg3 44. hxg3 (44. fxg3 f5 $16)) 40... Kh8 (40... Nxe4 $11 41. Re3 Bh6) 41. f4 Qe7 42. f5 N7a6 43. Bxa6 Nxa6 44. Rb6 Nc5 (44... Qa7 $5 45. Qe3 Bh6 $11) 45. Rb4 Qa7 {[%emt 0:02:43] [#] Strongly threatening ...Nd3+.} 46. Kh1 Re8 47. Rg4 (47. h3 $11) 47... Nd3 {[%emt 0:00:32][%csl LRb4,LRc1] Never resign too early!  Weighted Error Value: White=0.35/Black=0.17 (very precise)} 0-1

[Event "Mongolian Championship Women 2022"]
[Site "Chingis Khentii"]
[Date "2022.05.16"]
[Round "5.3"]
[White "Tsetsenbileg, Munkhbayar"]
[Black "Amin-Erdene, Bayanmunkh"]
[Result "0-1"]
[ECO "E90"]
[WhiteElo "1830"]
[BlackElo "1425"]
[Annotator "NA RC COMBH"]
[PlyCount "58"]
[EventDate "2022.05.12"]
[EventType "tourn"]
[EventCountry "MGL"]
[SourceTitle "playchess.com"]
[Source "ChessBase"]
[SourceQuality "1"]
[TimeControl "40/5400+30:1800+30"]

1. d4 Nf6 2. c4 g6 3. Nc3 Bg7 4. e4 d6 5. h3 O-O 6. Nf3 e5 7. d5 Nh5 8. g3 Na6 9. Bg5 (9. Be2 $14) 9... Qe8 10. Be2 f6 (10... f5 $1 $11) 11. Be3 f5 $1 12. g4 ({White should try} 12. exf5 $14 gxf5 13. Nh4) 12... Nf4 13. gxf5 (13. exf5 $11 gxf5 14. Bxf4 exf4 15. g5) 13... gxf5 14. Kd2 ({Of course not} 14. Bxf4 exf4 15. Rg1 Qe7 $17) (14. a3 $15) 14... Nxe2 15. Kxe2 fxe4 (15... Qh5 $17 16. Ke1 f4) 16. Ng5 Bf5 17. Ngxe4 Qg6 (17... b5 $17 18. cxb5 Bxe4 19. Nxe4 Qxb5+ 20. Qd3 Qxb2+ 21. Qd2 Qb5+ 22. Qd3 Qxd3+ 23. Kxd3 c6) 18. Rg1 (18. Qd3 $15) 18... Bxe4 19. Kd2 $2 (19. Rxg6 $17 Bf3+ 20. Kd2 Bxd1 21. Rxg7+ Kxg7 22. Rxd1) 19... Qf5 20. f4 (20. Rg5 {keeps fighting.} Qf3 21. Nxe4 Qxe4 22. Qe2) 20... Nb4 21. Rg5 {[%emt 0:01:30] [#]} (21. Qb3 $142 exf4 22. Bf2) 21... exf4 $1 22. Rxf5 fxe3+ 23. Ke2 Bxf5 24. Qg1 Bd3+ 25. Kxe3 Rae8+ 26. Kd2 $19 Kh8 27. Qg5 Rf2+ 28. Kc1 Re1+ 29. Nd1 Rc2+ 0-1

[Event "Mongolian Championship Women 2022"]
[Site "Chingis Khentii"]
[Date "2022.05.16"]
[Round "5.4"]
[White "Anu, Bayar"]
[Black "Munkhzul, Davaakhuu"]
[Result "0-1"]
[ECO "E49"]
[WhiteElo "2102"]
[BlackElo "1991"]
[Annotator "TA"]
[PlyCount "96"]
[EventDate "2022.05.12"]
[EventType "tourn"]
[EventCountry "MGL"]
[SourceTitle "playchess.com"]
[Source "ChessBase"]
[SourceQuality "1"]
[TimeControl "40/5400+30:1800+30"]

1. d4 Nf6 2. c4 e6 3. Nc3 Bb4 4. e3 O-O 5. Bd3 d5 6. Nge2 dxc4 7. Bxc4 c5 8. a3 Bxc3+ 9. bxc3 {[%emt 0:01:03] 9.bxc3 is better than 9.Nxc3.} Qc7 10. Ba2 b6 {[%emt 0:00:22] E49: Nimzo-Indian: Rubinstein: 5 Bd3 d5 6 a3 Bxc3+ 7 bxc3.} 11. O-O Ba6 12. f3 Nc6 {[%emt 0:00:30] The position is equal.} 13. Rf2 Rad8 14. Bb2 e5 {[%emt 0:27:13] [#]} 15. Qa4 $146 ({Predecessor:} 15. d5 Bxe2 16. Rxe2 e4 17. fxe4 Ne5 18. Qf1 Nd3 19. Bb1 Nxb2 20. Rxb2 Qe5 21. Rb3 {0-1 (52) Valenta,J (2168)-Portych,V (2148) ICCF email 2003}) 15... Na5 16. Ng3 Bd3 17. Qd1 Bc4 18. Qe1 (18. e4 $1 $11) 18... Rfe8 19. dxe5 Qxe5 20. e4 Bxa2 21. Rxa2 Nc4 {[%emt 0:00:17][%cal Of6d5] Pair of Knights!} 22. Bc1 Rd3 $36 {[%emt 0:00:56][%mdl 2048] Black is really pushing.} 23. Rac2 Red8 {[%emt 0:01:12] And now ...Rd1 would win.} 24. Qe2 {[%emt 0:01:52] Black converts the advantage convincingly.} (24. Rf1 $15) 24... Rxc3 $17 {[%emt 0:02:39] Black is much more active.} 25. f4 {[%emt 0:01:14] [#]} (25. Nf5 $142 Nxa3 26. Rxc3 Qxc3 27. Bb2) 25... Rxc2 $1 26. Qxc2 Qd4 {[%emt 0:00:10] Strongly threatening ...Ng4.} 27. h3 {[%emt 0:02:46] Inhibits Ng4.} Qd1+ 28. Kh2 Qxc2 29. Rxc2 Na5 30. Bb2 Ne8 31. Nf5 Kf8 32. Ne3 Rd3 33. Nd5 Nd6 34. Nc7 Nxe4 35. Re2 Nd6 36. Be5 {[%emt 0:04:03] [#] Intending Bxd6+ and mate.} Nab7 37. a4 f6 38. Bxd6+ Nxd6 $19 {[%emt 0:01:06][%mdl 4096] Endgame KRN-KRN} ({Weaker is} 38... Rxd6 39. Re8+ Kf7 40. Ra8 $19) 39. a5 Kf7 40. a6 $2 (40. axb6 axb6 41. Rb2) 40... c4 41. Rb2 c3 42. Rc2 b5 {[%emt 0:00:29][%cal Bb6b5,Bb5b4][%mdl 32] Threatens to win with ...b4.} 43. f5 b4 44. Ne6 Nxf5 45. Nc5 Rd2 46. Rc1 Nh4 {[%emt 0:00:50] ( -> ...c2)} 47. Kg3 g5 48. Ne4 Rxg2# {[%emt 0:00:08] Weighted Error Value: White=0.53/Black=0.11 (very precise)} 0-1

[Event "Mongolian Championship Women 2022"]
[Site "Chingis Khentii"]
[Date "2022.05.16"]
[Round "5.5"]
[White "Munkhzul, Turmunkh"]
[Black "Munguntuul, Batkhuyag"]
[Result "1-0"]
[ECO "B15"]
[WhiteElo "2294"]
[BlackElo "2443"]
[Annotator "TA"]
[PlyCount "105"]
[EventDate "2022.05.12"]
[EventType "tourn"]
[EventCountry "MGL"]
[SourceTitle "playchess.com"]
[Source "ChessBase"]
[SourceQuality "1"]
[TimeControl "40/5400+30:1800+30"]

1. e4 c6 2. d4 d5 3. Nc3 dxe4 4. Nxe4 Nf6 5. Nxf6+ exf6 6. Bc4 Bd6 7. Qe2+ Qe7 8. Qxe7+ Kxe7 9. Ne2 Bf5 10. c3 {[%emt 0:04:12] B15: Caro-Kann: 3 Nc3: 3...g6 and 3...dxe4 4 Nxe4 Nf6 5 Nxf6+ exf6.} Re8 11. Bf4 Bxf4 12. Nxf4 {[%emt 0:00:09] The position is equal.} Kf8+ 13. Kd2 Nd7 14. Bd3 {[%emt 0:03:41] [#]} Bxd3 $146 ({Predecessor:} 14... Be6 15. Rhe1 g6 16. Re3 Nb6 17. b3 Rad8 18. Rae1 Bd5 19. Rxe8+ Rxe8 20. Rxe8+ Kxe8 {½-½ (28) Ruiz Delgado,B (1723)-Marrero Cardenes,A (2003) Las Palmas 2014}) 15. Nxd3 Re7 16. Rhe1 Rae8 17. Rxe7 Rxe7 18. Re1 Rxe1 19. Kxe1 $11 {[%emt 0:00:25][%mdl 4096] Endgame KN-KN} Ke7 20. Kd2 Kd6 21. b3 f5 22. c4 b6 23. f3 f6 24. Ke3 Nf8 25. Nf4 g6 26. b4 Ke7 27. a4 g5 28. Ne2 Ne6 29. g3 Kd6 30. Kd3 h5 {[%emt 0:04:53] [#]} (30... Nf8 $142) 31. c5+ $1 $16 Kc7 (31... bxc5 $16 32. dxc5+ Kd7) 32. f4 (32. Kc4 $18 {is the precise move to win.}) 32... Nf8 (32... bxc5 $16 33. bxc5 (33. dxc5 a5 $11) 33... Kd7) 33. Kc4 Ng6 (33... bxc5 $16 34. dxc5 (34. bxc5 h4 $16) 34... Kb7) 34. d5 $18 bxc5 35. Kxc5 ({Resist} 35. bxc5 $6 a6 36. dxc6 Ne7 $16) 35... cxd5 36. Nd4 h4 37. fxg5 ({But not} 37. Kxd5 Kd7 $16) 37... fxg5 38. Nxf5 Ne5 $2 (38... hxg3 39. hxg3 Ne5 40. Kxd5 Nd3) 39. gxh4 gxh4 40. Nxh4 Nd3+ 41. Kxd5 Nxb4+ 42. Kc4 Nc6 43. Ng6 Kb6 44. h4 {[%emt 0:00:36][%cal Bh2h4,Bh4h5,Bh5h6,Bh6h7][%mdl 32] [#] h5 would kill now.} Ka5 45. h5 {[%emt 0:00:23] White mates.} Nd8 46. h6 Nf7 47. h7 Kxa4 48. Kd5 a5 49. Ne5 Nh8 50. Ke6 Kb3 51. Nf7 a4 52. Nxh8 a3 53. Nf7 {[%emt 0:00:18] Weighted Error Value: White=0.07 (flawless) /Black=0.26 (precise)} 1-0

[Event "Mongolian Championship Women 2022"]
[Site "Chingis Khentii"]
[Date "2022.05.16"]
[Round "5.6"]
[White "Khulan, Enkhsaikhan"]
[Black "Mungunzul, Bat-Erdene"]
[Result "1/2-1/2"]
[ECO "D02"]
[WhiteElo "2111"]
[BlackElo "2091"]
[Annotator "TA"]
[PlyCount "210"]
[EventDate "2022.05.12"]
[EventType "tourn"]
[EventCountry "MGL"]
[SourceTitle "playchess.com"]
[Source "ChessBase"]
[SourceQuality "1"]
[TimeControl "40/5400+30:1800+30"]

1. d4 d5 2. Nf3 Nf6 3. Bf4 c5 4. e3 Nc6 5. Nc3 a6 6. Ne5 {[%emt 0:03:01] D02: 1 d4 d5 2 Nf3 sidelines, including 2...Nf6 3 g3 and 2...Nf6 3 Bf4.} cxd4 7. exd4 Qb6 8. Nxc6 Qxc6 9. Be2 Bf5 10. O-O e6 {[%emt 0:00:20] [#]} 11. Rc1 $146 ({Predecessor:} 11. g4 Bg6 12. h4 h6 13. Bd3 Bxd3 14. cxd3 Bd6 15. Be5 h5 16. g5 Bxe5 17. dxe5 {1-0 (29) Trent,L (2399)-Gonzalez,F (2049) Chess.com INT 2021}) 11... Be7 12. h3 Rc8 13. Bd3 Bg6 14. Ne2 O-O 15. c3 a5 16. a4 Bxd3 17. Qxd3 Qb6 18. Ra1 Rc6 (18... Qxb2 $2 19. Rfb1 Qxa1 20. Rxa1 $18) 19. Rfb1 Rfc8 20. Qg3 Ne4 (20... Qa6 $5 21. Qe3 Qb6 $11) 21. Qg4 Bf8 22. Nc1 e5 23. Be3 exd4 24. Bxd4 Qd8 25. Nd3 Rg6 26. Qh5 Nd2 27. Re1 Nb3 28. Rad1 Nxd4 29. cxd4 Rc2 30. Re2 Rxe2 31. Qxe2 Re6 32. Qd2 Bd6 33. Rc1 h6 34. Re1 Rg6 35. Re3 Qh4 (35... Re6 $11) 36. Re8+ (36. Qxa5 $16 Qxd4 37. Qa8+ Kh7 38. Qxb7) 36... Kh7 $11 37. Qe3 Qh5 38. b3 Qd1+ 39. Ne1 Bb4 40. Qd3 Qc1 41. Kf1 Bxe1 42. Rxe1 {[%emt 0:00:06][%mdl 4096] Endgame KQR-KQR} Qg5 (42... Qc8 $11 {remains equal.}) 43. g3 {[%emt 0:00:34] Active counter play!} Qd8 44. h4 $36 {[%emt 0:03:21][%mdl 2048] White is really pushing.} Kg8 45. Qb5 {[%emt 0:00:50] [#] Prevents Qd7. Strongly threatening Re8+.} Kf8 {[%emt 0:05:36] Prevents Re8+.} (45... Qf6 $16 {was called for.}) 46. Re5 Rd6 (46... b6 $16) 47. Qxb7 $18 g6 48. Qb5 Kg7 49. Kg2 h5 50. Re8 Qc7 (50... Qf6 {might work better.} 51. Qc5 (51. Qxa5 Qxd4 52. Qc7 Rf6 $16) 51... Kh7) 51. Qb8 Qd7 (51... Qxb8 52. Rxb8 Rc6) 52. Rg8+ (52. Rh8 Qe7 $16) 52... Kf6 53. Re8 Kg7 $1 54. Qc8 $2 (54. Rh8 Qe7 $16) (54. b4 axb4 55. Rg8+ (55. Qxb4 Qxe8 56. Qxd6 Qe4+ 57. Kf1 Qh1+ 58. Ke2 Qe4+ 59. Kf1 Qh1+ 60. Ke2 Qe4+ 61. Kf1 $11) (55. Rh8 Qe7 $18) 55... Kf6 56. a5 (56. Qxb4 Qe6 $16)) 54... Qa7 (54... Kf6 55. Qb8 Re6) 55. Rg8+ (55. Rh8 Qe7 56. Re8 Qf6 $18) 55... Kf6 56. Qf8 Qd7 57. Qh6 {[%emt 0:01:50] [#] Qg5+ would kill now.} Qf5 {[%emt 0:01:17] Prevents Qg5+.} 58. Qh8+ Ke7 59. Re8+ Kd7 60. Rd8+ Kc7 61. Rxd6 (61. Ra8 $142 Qe4+ 62. Kh2 Kd7 63. Qc8+ Ke7 64. Qf8+ Ke6 65. Re8+ Kf6 66. Qxd6+ Kg7 67. Qf8+ Kf6 68. Qh8+ Kf5 69. Re5+ Kg4 70. Rxe4+ Kf3 71. Re1 f5 72. Qe5 Kxf2 73. Qe3#) 61... Kxd6 {[%emt 0:00:27] KQ-KQ} 62. Qd8+ Kc6 63. Qe8+ (63. Qa8+ Kd7 64. Qxa5 Qe4+ 65. Kg1 Qb1+ 66. Kg2 Qe4+ 67. Kg1 f6 $18) 63... Kd6 64. Qb8+ Kc6 $2 (64... Ke7 {keeps fighting.} 65. Qc7+ Ke6) 65. Qb5+ Kd6 66. Qc5+ Kd7 67. f3 $2 {[%emt 0:00:13] Inhibits Qe4.} (67. Qxa5 Qe4+ 68. Kg1 Qb1+ 69. Kh2 Qf5 $18) (67. Qa7+ $18 Ke6 68. Qb6+ Ke7 69. Qxa5) 67... f6 68. Kf2 (68. Qxa5 Qc2+ 69. Kh3 Qf5+ 70. Kh2 Qc2+ 71. Kh1 Qd1+ 72. Kh2 Qc2+ 73. Kh3 Qf5+ 74. Kh2 Qc2+ $11) 68... g5 $1 69. Qb5+ (69. Qxa5 Qc2+ 70. Kg1 Qd1+ 71. Kh2 Qe2+ 72. Kg1 Qd1+ 73. Kf2 Qc2+ 74. Ke3 Qxb3+ 75. Ke2 Qc4+ 76. Ke3 Qb3+ 77. Kd2 Qxf3 $11) (69. Ke2 $14) 69... Kd6 $1 $11 70. hxg5 fxg5 71. Qb8+ (71. Qxa5 Qc2+ 72. Ke1 Qxb3 $16) 71... Kd7 72. Ke3 h4 {[%emt 0:01:18] The position is equal.} 73. gxh4 gxh4 ({Resist} 73... Qe6+ 74. Kf2 gxh4 75. Qb5+ Kd6 76. Qb6+ (76. Qxa5 Qg8 $16) 76... Kd7 77. Qa7+ (77. Qxa5 Qg8 $16) 77... Kd6 78. Qxa5 $16) 74. Qa7+ Kc6 75. Qa6+ Kd7 76. Qb5+ Ke7 77. Qxa5 Qg5+ 78. Kd3 Qf5+ 79. Kd2 Qxf3 80. Qc7+ Ke6 81. Qc8+ Kf7 82. Qd7+ Kg6 83. a5 h3 84. a6 {[%emt 0:00:22] Black must now prevent Qe6+.} Qg2+ 85. Kc3 h2 86. Qe6+ Kh5 87. Qf5+ Kh4 88. a7 h1=Q 89. Qh7+ Kg3 {[%emt 0:00:12] ( -> ...Qe1+)} 90. Qxh1 {[%emt 0:00:38] Really sharp!} Qxh1 91. a8=Q {[%emt 0:00:14] Inhibits Qa1+. KQ-KQ} Qe1+ 92. Kb2 Qd2+ 93. Ka3 Qxd4 {[%emt 0:00:10] ...Qa1+ is the strong threat.} 94. Qg8+ Kf3 95. b4 Qc3+ 96. Ka4 d4 {[%emt 0:00:11] Hoping for ...d3.} 97. Qf7+ Ke2 {[%emt 0:00:38] Threatens to win with ...d3.} 98. b5 Qa1+ 99. Kb4 Qb2+ 100. Kc5 Qc3+ 101. Qc4+ Qxc4+ 102. Kxc4 d3 {[%emt 0:00:06] And now ...d2 would win.} 103. b6 d2 104. b7 d1=Q 105. b8=Q {[%emt 0:00:10] Against Qb1} Qd3+ {[%emt 0:08:37] Black escapes into a draw.  Weighted Error Value: White=0.31/Black=0.25 (precise)} 1/2-1/2

[Event "Mongolian Championship Women 2022"]
[Site "Chingis Khentii"]
[Date "2022.05.18"]
[Round "6.1"]
[White "Enkhtuul, Altan-Ulzii"]
[Black "Anu, Bayar"]
[Result "1-0"]
[ECO "B20"]
[WhiteElo "2228"]
[BlackElo "2102"]
[Annotator "TA"]
[PlyCount "73"]
[EventDate "2022.05.12"]
[EventType "tourn"]
[EventCountry "MGL"]
[SourceTitle "playchess.com"]
[Source "ChessBase"]
[SourceQuality "1"]
[TimeControl "40/5400+30:1800+30"]

1. e4 c5 2. b3 d5 3. exd5 Qxd5 4. Nc3 Qd6 5. Bb2 Nf6 6. Nf3 {[%emt 0:01:24] [#] B20: Sicilian: Unusual White 2nd moves.} (6. Nb5 $5 Qd8 7. Be5 $14) 6... a6 $146 {[%emt 0:00:11] Prevents Nb5.} ({Predecessor:} 6... Nc6 7. Bb5 a6 8. Bxc6+ Qxc6 9. Qe2 Bg4 10. O-O-O e6 11. d4 cxd4 12. Rxd4 Bxf3 13. gxf3 {0-1 (33) Kumala,A (2176)-Martemianov,I (2365) Chess.com INT 2020}) 7. a4 Bg4 8. h3 {[%emt 0:05:36] The position is equal.} Bh5 (8... Bxf3 $5 9. Qxf3 Nc6 $14) 9. g4 Bg6 10. Bg2 Nc6 11. d3 e6 12. Qd2 h6 13. Nh4 Bh7 $1 14. O-O-O Be7 15. f4 Nd5 16. Nxd5 (16. Nf5 $5 Bxf5 17. gxf5 $11) 16... exd5 17. Rde1 (17. Bxg7 $11 Rg8 18. Be5 Nxe5 19. fxe5 Qxe5 {[#]} 20. Kb1 $1) 17... O-O-O (17... O-O $17 18. Nf3 Bd8) 18. Nf3 $11 d4 19. Rhf1 f5 (19... Qc7 $11) 20. Kb1 Rhf8 21. Ne5 Nxe5 22. Rxe5 {[%emt 0:01:05] Threatens to win with Rfe1.} Bf6 (22... Qc7 $1 $11) 23. Rd5 $36 {[%emt 0:00:21][%mdl 2048] White fights for an advantage. White is more active.} Qc7 24. Ba3 (24. g5 $5 Rxd5 25. Bxd5 hxg5 26. fxg5 $14) 24... Rxd5 (24... Be7 $1 $14) 25. Bxd5 Qd6 {[%emt 0:00:58] Loses the game.} (25... Be7 $16 {might work better.}) 26. Qg2 $18 Qb6 27. Re1 fxg4 $2 (27... Kb8 28. g5 hxg5) 28. hxg4 {[%emt 0:03:08] Strongly threatening Re6.} Bg8 {[%emt 0:00:21] Inhibits Re6.} 29. Bxg8 Rxg8 30. Qd5 {[%emt 0:00:13] Inhibits Qd6.} Rd8 (30... Rh8 31. g5 (31. Qxc5+ Qxc5 32. Bxc5 Rd8 $16) 31... Bd8 32. Bxc5 Qc6 33. Qxc6+ bxc6) 31. Qf5+ Rd7 32. Re8+ Kc7 33. Bxc5 Qc6 34. a5 {[%emt 0:00:28] White wants to mate with Bb6+.} Qd5 35. Bb6+ {[%emt 0:00:21] White mates.} Kd6 {[%emt 0:00:08] [#]} 36. Re6+ $3 Qxe6 37. Qc5# {[%emt 0:13:22] Weighted Error Value: White=0.15 (very precise) /Black=0.60} 1-0

[Event "Mongolian Championship Women 2022"]
[Site "Chingis Khentii"]
[Date "2022.05.18"]
[Round "6.2"]
[White "Altantuya, Boldbaatar"]
[Black "Bayarmaa, Bayarjargal"]
[Result "1/2-1/2"]
[ECO "E88"]
[WhiteElo "2263"]
[BlackElo "2124"]
[Annotator "TA"]
[PlyCount "159"]
[EventDate "2022.05.12"]
[EventType "tourn"]
[EventCountry "MGL"]
[SourceTitle "playchess.com"]
[Source "ChessBase"]
[SourceQuality "1"]
[TimeControl "40/5400+30:1800+30"]

1. d4 Nf6 2. c4 g6 3. Nc3 Bg7 4. e4 d6 5. f3 O-O 6. Be3 e5 7. d5 c6 8. Qd2 cxd5 9. cxd5 a6 10. a4 Nbd7 11. Bd3 Nh5 12. Nge2 f5 {[%emt 0:00:50][%cal Oh5f4] E88: King's Indian: Sämisch: 6...e5 7 d5 c6.} 13. exf5 gxf5 {[%emt 0:00:27][%cal Oe5e4] [#]} 14. Bf2 $146 (14. O-O $16) ({Predecessor:} 14. O-O Nc5 15. Bc4 b6 16. b4 Nd7 17. Rfc1 f4 18. Bf2 e4 19. Nxe4 Bxa1 20. Rxa1 {1-0 (37) Cordes,H (2259)-Skutta,B (1942) London 2016}) 14... Rf7 15. a5 ({Better is} 15. O-O $14) 15... Qf6 (15... e4 $11 16. fxe4 Ne5) 16. O-O Qg6 (16... Bh6 $11 {keeps the balance.} 17. Qc2 Qg6) 17. Kh1 $16 {[%emt 0:02:38][%cal Og2g4] White is more active.} Nf4 (17... Qh6 $16 {keeps fighting.} 18. Qxh6 Bxh6) 18. Nxf4 $18 exf4 19. Qxf4 Be5 (19... Ne5 $16 {was worth a try.}) 20. Qh4 Rg7 21. g4 Bf6 (21... Qf7 $142) 22. Qh3 $1 Ne5 $2 (22... fxg4 23. fxg4 (23. Bxg6 gxh3 24. Bc2 Be5 $16) 23... Qxg4 24. Bxh7+ Kh8 25. Qxg4 Rxg4) 23. Bxf5 Bxf5 24. gxf5 Qf7 25. Ne4 Nc4 (25... Nd7 $142 26. Rac1 Rf8) 26. Ra4 Ne5 27. Nxf6+ Qxf6 28. Bd4 $2 (28. Be3 $18 {is more deadly.}) 28... Qf7 $2 (28... Rf8 $16 {is tougher.}) 29. Bxe5 dxe5 30. Rg4 Rd8 31. Rxg7+ Kxg7 {[%emt 0:00:02][%mdl 4096] Endgame KQR-KQR} 32. Qg3+ Kf8 33. Qxe5 Rxd5 34. Qb8+ Kg7 35. Rg1+ Kf6 36. Qf4 {[%emt 0:00:32] aiming for Qg5+.} Qh5 {[%emt 0:01:25] Inhibits Qg5+.} 37. b4 $2 (37. Rg8 Kf7 38. Rg5 Rd1+ 39. Kg2) 37... Qxf5 38. Rg4 (38. Qh6+ Ke7 39. Qh4+ Ke8 $16) (38. Qh4+ $18 {has better winning chances.} Kf7 39. Qg3) 38... Qxf4 $16 39. Rxf4+ {[%emt 0:00:02] KR-KR} Ke5 {[%emt 0:00:11] [#]} (39... Kg7 $16 {is a better defense.}) 40. Rh4 $1 $18 Rd7 41. Kg2 Kf5 42. Kg3 Rc7 (42... Kg6 $16 {was called for.} 43. Rg4+ Kf5) 43. h3 Rd7 44. Rc4 Rg7+ 45. Rg4 Rd7 46. Re4 Rc7 47. h4 h6 {[%emt 0:01:29] [#]} (47... b6 $16) 48. Rd4 ({White should play} 48. Rf4+ $1 $18 Ke5 49. h5) 48... Ke5 $16 49. Rd8 Rg7+ 50. Kf2 Rc7 51. Rh8 Rc6 (51... Rc4 $16) 52. Rh7 (52. Re8+ $18 Kf6 53. Kg3) 52... b6 53. b5 ({White should try} 53. Kg3 $16) 53... axb5 54. a6 Rc2+ 55. Kg3 (55. Ke3 $1 $14 Rc3+ 56. Kd2) 55... Ra2 $11 {[%emt 0:00:10] The position is equal.} 56. a7 Kd4 {[%emt 0:00:26] Hoping for ...b4.} 57. Rxh6 Kc5 {[%emt 0:01:04] Strongly threatening ...b4.} 58. Rh7 b4 59. Rc7+ Kb5 60. h5 {[%emt 0:00:24] Threatens to win with h6.} b3 61. h6 $1 b2 62. h7 b1=Q 63. h8=Q {[%emt 0:00:03] KQR-KQR} Qg6+ 64. Kf4 {[%emt 0:00:10] The board is on fire.} Ra4+ 65. Ke5 {[%emt 0:00:58] Qg7 is the strong threat.} ({Avoid the trap} 65. Ke3 $2 Qg5+ 66. Kd3 Qf5+ 67. Kc3 Qxf3+ 68. Kb2 Rb4+ 69. Kc2 (69. Kc1 {gets mated.} Qf4+ 70. Kc2 Qxc7+ 71. Qc3 Rc4) 69... Qe2+ 70. Kc1 Qe3+ 71. Kc2 Qe4+ 72. Kc3 Qe3+ 73. Kc2 Qe2+ 74. Kc1 Qe1+ 75. Kc2 Qb1+ 76. Kd2 Rb2+ 77. Qxb2+ (77. Ke3 {is a self mate.} Qe1+ 78. Kf3 Rf2+ 79. Kg3 Qg1+ 80. Kh4 Rh2#) 77... Qxb2+ $19) 65... Qg3+ 66. Ke6 {[%emt 0:00:44] Intending Qb2+ and mate.} Qxc7 67. Qb2+ Kc6 68. Qc2+ Kb7 69. Qxa4 {[%emt 0:00:02][%cal Ra7a8] KQ-KQ} Qc8+ 70. Ke5 Qc3+ 71. Ke4 Qe1+ 72. Kf5 Qa5+ 73. Qxa5 bxa5 {[%emt 0:00:05] KPP-KP} 74. Ke5 {[%emt 0:01:06] Threatening mate with f4.} a4 {[%emt 0:00:32] ( -> ...a3)} 75. Kd4 {[%emt 0:00:15] White wants to mate with f4.} Kxa7 76. Kc4 Kb6 77. Kb4 Kc6 78. Kxa4 Kd5 79. Kb4 Kd4 80. f4 {[%emt 0:02:26] Black defended with fortune.  Weighted Error Value: White=0.62/Black=0.90} 1/2-1/2